 Dungeon Sprint DCSS version 0.18-a0-1343-g48c8f86 (webtiles) character file.

27311 Kidiri the Warrior (level 13, -4/95 HPs)
             Began as a Gargoyle Fighter on Feb 16, 2016.
             Was the Champion of Cheibriados.
             Killed from afar by a blizzard demon (6 damage)
             ... with a bolt of lightning
             ... in the Dungeon (Sprint V: "Ziggurat Sprint").
             The game lasted 00:08:06 (874 turns).

Kidiri the Warrior (Gargoyle Fighter)                Turns: 874, Time: 00:08:07

Health: -4/95      AC: 43    Str: 52    XL:     13   Next: 31%
Magic:  12/22      EV: 16    Int: 22    God:    Cheibriados [******]
Gold:   0          SH: 41    Dex: 32    Spells: 0 memorised, 12 levels left

rFire  . . .     SeeInvis .     b - +6 shillelagh "Devastator" {shatter}
rCold  . . .     Gourm    .     J - +15 Maxwell's patent armour {-Cast -Tele rElec MR+ rCorr}
rNeg   + + .     Faith    .     K - +18 shield of the gong {rElec rN+ MR+ EV-5}
rPois  ∞         Spirit   .     (no helmet)
rElec  +         Dismiss  .     (no cloak)
rCorr  +         Reflect  +     (no gloves)
SustAt .         Harm     .     a - +0 pair of boots of the Slug {rPois Int-2 Dex+8 Slay-4} (curse)
MR     ++...     NoTele   +     j - +3 amulet of reflection
Stlth  .......... NoCast   +    E - +6 ring of strength
                                D - +6 ring of strength

@: very slow, very resistant to hostile enchantments, extremely unstealthy
A: negative energy resistance 1, electricity resistance, unbreathing,
petrification resistance, rot immunity, AC +9
a: Bend Time, Temporal Distortion, Slouch, Step From Time, Renounce Religion


You were in the Dungeon.
You worshipped Cheibriados.
Cheibriados was exalted by your worship.
You were not hungry.

You visited 1 branch

Inventory:

Hand Weapons
 b - the +6 shillelagh "Devastator" (weapon) {shatter}
   (You found it in the Dungeon)
Armour
 a - the cursed +0 pair of boots of the Slug (worn) {rPois Int-2 Dex+8 Slay-4}
   (You found it in the Dungeon)

   It affects your intelligence (-2).
   It affects your dexterity (+8).
   It affects your accuracy and damage with ranged weapons and melee attacks
   (-4).
   It protects you from poison.
   It has a curse placed upon it.
 J - the +15 Maxwell's patent armour (worn) {-Cast -Tele rElec MR+ rCorr}
   (You found it in the Dungeon)

   It insulates you from electricity.
   It affects your resistance to hostile enchantments.
   It prevents spellcasting.
   It prevents most forms of teleportation.
   It protects you from acid and corrosion.
 K - the +18 shield of the gong (worn) {rElec rN+ MR+ EV-5}
   (You found it in the Dungeon)

   It affects your evasion (-5).
   It insulates you from electricity.
   It protects you from negative energy.
   It affects your resistance to hostile enchantments.
Jewellery
 h - the ring "Suth" {Fire rPois MR- Str+4}
   (You found it in the Dungeon)

   [ring of fire]

   It enhances your fire magic, and weakens your ice magic.
   It affects your strength (+4).
   It protects you from fire.
   It makes you vulnerable to cold.
   It protects you from poison.
   It affects your resistance to hostile enchantments.
 j - a +3 amulet of reflection (around neck)
 D - a +6 ring of strength (left hand)
 E - a +6 ring of strength (right hand)
Wands
 F - a wand of disintegration (7/24)
 G - a wand of iceblast (5/15)
 H - a wand of lightning (5/15)
 I - a wand of acid (5/15)
Scrolls
 k - 4 scrolls of blinking
 q - 4 scrolls of amnesia
 r - 3 scrolls of recharging
 s - 7 scrolls of fog
 t - a scroll of holy word
 u - 5 scrolls of identify
 v - 5 scrolls of remove curse
 w - 2 scrolls of fear
 y - 4 scrolls of enchant weapon
Potions
 d - 6 potions of might
 e - 10 potions of curing
 g - 12 potions of heal wounds
 i - 7 potions of magic
 l - 2 potions of brilliance
 m - 2 potions of invisibility
 n - 4 potions of resistance
 p - 5 potions of agility
Comestibles
 c - 4 chunks of flesh
 f - 5 bread rations
 x - 42 fruits
 z - 4 meat rations


   Skills:
 * Level 16.7 Fighting
 + Level 11.5 Maces & Flails
 * Level 16.7 Armour
 + Level 9.6 Dodging
 * Level 16.7 Shields
 + Level 12.1 Invocations
 + Level 10.3 Evocations


You had 12 spell levels left.
You didn't know any spells.

Dungeon Overview and Level Annotations

Branches:
Dungeon (1/1)

Altars:
Ashenzari
Cheibriados
Dithmenos
Elyvilon
Fedhas
Gozag
Kikubaaqudgha
Makhleb
Nemelex Xobeh
Okawaru
Pakellas
Qazlal
Ru
Sif Muna
Trog
Vehumet
Xom
Yredelemnul
Zin
The Shining One
Beogh
Jiyva
Lugonu


Innate Abilities, Weirdness & Mutations

You are resistant to torment.
Your stone body is resilient (AC +9).
You are immune to poison.
You resist negative energy.
You are resistant to electric shocks.
You can survive without breathing.
You are immune to petrification.
You are immune to rotting.


Message History

E - a +6 ring of strength (right hand)
The blizzard demon gestures at you. The freezing blast misses you.
Unknown command.
Read which item? (? for menu, Esc to quit)
Okay, then.
You are engulfed in freezing vapours.
* * * LOW HITPOINT WARNING * * *
You block the freezing wraith's attack.
SHROANNG!
You block the freezing wraith's attack.
BOUMMMMG!
You block the freezing wraith's attack.
PTOANNNG!
You block the freezing wraith's attack.
BONNNG!
Unknown command.
The blizzard demon gestures at you. The bolt of lightning hits you! You resist.
You die...

▓....)..
▓▓▓▓▓▓▓▓▓▓▓▓▓▓▓▓▓▓▓▓
▓...8©8...▓...8©8...
▓..":))||.▓...|.[:..
▓..|"=?)..▓..}}.|:..
▓.........▓..)=.....
▓...2.....▓.........
▓...§§....▓.........
▓..@§W†...▓.........
▓..▓§..▓..▓....))...
▓.▓.§§§§▓.▓.........
▓.§§§§§§..▓.........
▓▓▓▓▓▓▓▓▓▓▓▓▓▓▓▓▓▓▓▓


You could see a blizzard demon and a freezing wraith.

Vanquished Creatures
  A greater mummy (D)
  A shard shrike (D)
  A lich (D)
  An ironheart preserver (D)
  A yellow draconian (D)
  A mummy priest (D)
  A vault guard (D)
  A dancing weapon (D)
  A deep elf knight (D)
  2 deep elf archers (D)
  A giant orange brain (D)
  3 anubis guards (D)
  5 hill giants (D)
  A deep elf mage (D)
  2 necromancers (D)
  2 ironbrand convokers (D)
  A guardian serpent (D)
  6 yaktaurs (D)
  A troll (D)
  A guardian mummy (D)
  A polar bear (D)
  A red devil (D)
  2 two-headed ogres (D)
  4 spriggans (D)
  2 shadows (D)
  A water elemental (D)
  2 hell hounds (D)
  2 ice beasts (D)
  3 black bears (D)
  2 necrophages (D)
  A wasp (D)
  2 phantoms (D)
  A centaur (D)
  3 wights (D)
  2 mummies (D)
  2 white imps (D)
  An ufetubus (D)
  An adder zombie (D)
  An adder skeleton (D)
  3 bat skeletons (D)
  2 bat zombies (D)
  A giant cockroach zombie (D)
  A giant gecko skeleton (D)
  A jackal zombie (D)
  A quokka skeleton (D)
  A quokka zombie (D)
78 creatures vanquished.

Notes
Turn   | Place    | Note
--------------------------------------------------------------
     0 | D        | Kidiri the Gargoyle Fighter began the quest for the Orb.
     0 | D        | Reached XP level 1. HP: 14/14 MP: 1/1
     0 | D        | Found a viscous altar of Jiyva.
     0 | D        | Found a roughly hewn altar of Beogh.
     0 | D        | Found a corrupted altar of Lugonu.
     0 | D        | Found a white marble altar of Elyvilon.
     0 | D        | Found a sparkling altar of Nemelex Xobeh.
     1 | D        | Found a burning altar of Makhleb.
     1 | D        | Found an iron altar of Okawaru.
     1 | D        | Found a deep blue altar of Sif Muna.
     1 | D        | Found a radiant altar of Vehumet.
     1 | D        | Found a bloodstained altar of Trog.
     1 | D        | Found a shimmering altar of Xom.
    24 | D        | Became a worshipper of Cheibriados the Contemplative
   147 | D        | Reached skill level 5 in Fighting
   147 | D        | Reached skill level 5 in Armour
   147 | D        | Reached skill level 1 in Dodging
   147 | D        | Reached skill level 5 in Shields
   147 | D        | Reached XP level 2. HP: 18/21 MP: 1/3
   188 | D        | Entered arena 1.
   188 | D        | Noticed a phantom
   188 | D        | Noticed a phantom
   199 | D        | Killed a phantom
   199 | D        | Reached skill level 6 in Fighting
   199 | D        | Reached skill level 1 in Evocations
   199 | D        | Reached XP level 3. HP: 25/27 MP: 3/5
   199 | D        | Reached XP level 4. HP: 29/32 MP: 3/6
   200 | D        | Killed a phantom
   200 | D        | Reached XP level 5. HP: 33/37 MP: 3/8
   242 | D        | Entered arena 2.
   242 | D        | Noticed an ice beast
   242 | D        | Noticed a polar bear
   245 | D        | Killed an ice beast
   245 | D        | Reached * piety under Cheibriados
   245 | D        | Reached skill level 7 in Fighting
   245 | D        | Reached XP level 6. HP: 42/44 MP: 9/9
   249 | D        | Killed a polar bear
   249 | D        | Reached ** piety under Cheibriados
   249 | D        | Reached skill level 8 in Fighting
   249 | D        | Reached skill level 5 in Maces & Flails
   249 | D        | Reached skill level 5 in Invocations
   249 | D        | Reached XP level 7. HP: 45/49 MP: 10/10
   267 | D        | Entered arena 3.
   270 | D        | Reached *** piety under Cheibriados
   272 | D        | Reached skill level 9 in Shields
   284 | D        | Entered arena 4.
   287 | D        | Reached **** piety under Cheibriados
   287 | D        | Reached ***** piety under Cheibriados
   287 | D        | Reached XP level 8. HP: 54/56 MP: 12/12
   296 | D        | Got the cursed +0 pair of boots of the Slug {rPois Int-2 Dex+8 Slay-4}
   304 | D        | Entered arena 5.
   304 | D        | Noticed a yaktaur
   304 | D        | Noticed a yaktaur
   304 | D        | Noticed a yaktaur
   304 | D        | Noticed a yaktaur
   310 | D        | Killed a yaktaur
   310 | D        | Killed a yaktaur
   310 | D        | Reached skill level 10 in Fighting
   310 | D        | Reached skill level 10 in Armour
   310 | D        | Reached skill level 5 in Dodging
   310 | D        | Reached skill level 10 in Shields
   310 | D        | Reached skill level 5 in Evocations
   310 | D        | Killed a yaktaur
   310 | D        | Reached XP level 9. HP: 52/63 MP: 2/14
   312 | D        | Killed a yaktaur
   381 | D        | Entered arena 6.
   381 | D        | Noticed a deep elf archer
   381 | D        | Noticed a deep elf knight
   381 | D        | Noticed a deep elf mage
   381 | D        | Noticed a glaive of flaming
   381 | D        | Noticed a deep elf archer
   383 | D        | Killed a glaive of flaming
   383 | D        | Reached skill level 11 in Fighting
   387 | D        | Killed a deep elf archer
   387 | D        | Killed a deep elf knight
   387 | D        | Reached XP level 10. HP: 67/71 MP: 4/16
   387 | D        | Killed a deep elf mage
   387 | D        | Reached skill level 12 in Fighting
   392 | D        | Killed a deep elf archer
   442 | D        | Entered arena 7.
   442 | D        | Noticed an ironheart preserver
   442 | D        | Noticed a vault guard
   442 | D        | Noticed an ironbrand convoker
   442 | D        | Noticed an ironbrand convoker
   449 | D        | Noticed a giant orange brain
   449 | D        | Noticed a yellow draconian
   449 | D        | Noticed a guardian serpent
   450 | D        | Killed an ironbrand convoker
   450 | D        | Killed an ironbrand convoker
   450 | D        | Reached ****** piety under Cheibriados
   450 | D        | Killed a guardian serpent
   454 | D        | Killed a vault guard
   454 | D        | Reached skill level 13 in Fighting
   454 | D        | Reached XP level 11. HP: 65/78 MP: 2/18
   456 | D        | Killed an ironheart preserver
   459 | D        | Killed a giant orange brain
   471 | D        | Killed a yellow draconian
   544 | D        | Entered arena 8.
   544 | D        | Noticed a spriggan rider
   545 | D        | Reached skill level 14 in Armour
   545 | D        | Reached skill level 10 in Invocations
   583 | D        | Entered arena 9.
   583 | D        | Noticed a hill giant
   583 | D        | Noticed a hill giant
   583 | D        | Noticed a hill giant
   583 | D        | Noticed a hill giant
   583 | D        | Noticed a hill giant
   588 | D        | Killed a hill giant
   588 | D        | Killed a hill giant
   591 | D        | Killed a hill giant
   591 | D        | Reached XP level 12. HP: 66/86 MP: 9/19
   592 | D        | Reached skill level 10 in Maces & Flails
   651 | D        | Entered arena 10.
   651 | D        | Noticed a mummy priest
   651 | D        | Noticed a greater mummy
   657 | D        | Noticed a sun demon
   664 | D        | Noticed an emperor scorpion
   664 | D        | Reached skill level 15 in Fighting
   664 | D        | Reached skill level 15 in Armour
   664 | D        | Reached skill level 15 in Shields
   665 | D        | Killed a mummy priest
   669 | D        | Noticed an emperor scorpion
   669 | D        | Noticed an emperor scorpion
   669 | D        | Noticed an emperor scorpion
   669 | D        | Noticed an emperor scorpion
   671 | D        | Killed a greater mummy
   821 | D        | Entered arena 11.
   821 | D        | Noticed a lich
   824 | D        | Reached skill level 16 in Fighting
   826 | D        | Noticed an Executioner
   831 | D        | Killed a lich
   831 | D        | Reached skill level 10 in Evocations
   831 | D        | Reached XP level 13. HP: 94/94 MP: 11/21
   842 | D        | Got the ring "Suth" {Fire rPois MR- Str+4}
   852 | D        | Got the cursed ring "Seidor" {Fragile rElec Str+3 Dex-3}
   867 | D        | Entered arena 12.
   868 | D        | Noticed a blizzard demon
   868 | D        | Noticed a shard shrike
   869 | D        | Killed a shard shrike
   873 | D        | HP: 1/95 [blizzard demon] (20)]
   874 | D        | Killed from afar by a blizzard demon

Vault maps used:
D:        sprint_v

Action                   |  1- 3 |  4- 6 |  7- 9 | 10-12 | 13-15 || total
-------------------------+-------+-------+-------+-------+-------++-------
Melee: Shillelagh        |    11 |     7 |    13 |    57 |       ||    88
Invok: Slouch            |       |       |     4 |    10 |     2 ||    16
  Use: Potion            |     1 |       |       |       |       ||     1
  Eat: Chunk             |       |       |       |     1 |       ||     1
